 Dungeon Crawl Stone Soup version 0.20-a0-1050-g57248f3 (webtiles) character file.

64 Murumi the Sneak (level 3, -2/26 HPs)
             Began as a Vampire Enchanter on Apr 25, 2017.
             Slain by x1a0's ghost (3 damage)
             ... on level 3 of the Dungeon.
             The game lasted 00:07:33 (2206 turns).

Murumi the Sneak (Vampire Enchanter)                Turns: 2206, Time: 00:07:34

Health: -2/26      AC:  2    Str:  5 (7)  XL:     3   Next: 91%
Magic:  2/6        EV: 12    Int: 19 (22) God:
Gold:   79         SH:  0    Dex: 13 (15) Spells: 0/6 levels left

rFire    . . .     SeeInvis +   a - +1 dagger
rCold    . . .     Gourm    .   (no shield)
rNeg     + . .     Faith    .   b - +0 robe
rPois    .         Spirit   .   (no helmet)
rElec    .         Reflect  .   (no cloak)
rCorr    .         Harm     .   (no gloves)
MR       .....                  (no boots)
Stlth    +++.......             (no amulet)
Regen    0.1/turn               (no ring)
MPRegen  0.1/turn               (no ring)

@: brilliant
A: fangs 3, see invisible, unbreathing
a: Bat Form


You were on level 3 of the Dungeon.
You were not thirsty.

You visited 1 branch of the dungeon, and saw 3 of its levels.

You collected 79 gold pieces.

Inventory:

Hand Weapons
 a - a +1 dagger (weapon)
Armour
 b - a +0 robe (worn)
Scrolls
 f - 3 scrolls of fear
 i - a scroll of remove curse
Potions
 d - 4 potions of blood
 j - 3 potions of brilliance
Books
 c - a book of Maledictions

   Spells                             Type                      Level
   a - Corona                         Hexes                        1
   b - Ensorcelled Hibernation        Hexes/Ice                    2
   c - Confuse                        Hexes                        3
   d - Tukima's Dance                 Hexes                        3
   e - Dazzling Spray                 Conjuration/Hexes            3


   Skills:
 - Level 1.0 Fighting
 - Level 1.1 Short Blades
 - Level 2.1 Dodging
 + Level 6.6 Stealth
 - Level 2.0 Spellcasting
 - Level 5.0 Hexes


You couldn't memorise any spells.
You knew the following spells:

 Your Spells              Type           Power        Failure   Level  Hunger
a - Corona                Hex            ####...      1%          1    #......
b - Ensorcelled Hibernat  Hex/Ice        ###...       1%          2    ###....
c - Confuse               Hex            ####....     1%          3    ###....


Dungeon Overview and Level Annotations

Branches:
Dungeon (3/15)

Altars:
Nemelex Xobeh
Okawaru

Annotations:
D:3 x1a0's ghost, amateur DsGl


Innate Abilities, Weirdness & Mutations

You have razor-sharp teeth.
You have supernaturally acute eyesight. (SInv)
You can survive without breathing.


Message History

* * * LOW HITPOINT WARNING * * *
You closely miss the orc.
The orc is severely wounded.
The orc barely misses you.
You hit the orc.
The orc is almost dead.
The orc misses you.
You hit the orc but do no damage.
The orc is almost dead.
The orc closely misses you.
You barely miss the orc.
The orc is severely wounded.
The orc barely misses you.
You hit the orc.
You kill the orc!
You open the door. 8 goblins and an ogre come into view.
The goblin shouts! x4; The ogre shouts!
The goblin shouts! x3
X1a0's ghost hits you.
You die... ##### #gOg# #ggg# ggg

##'# #.@# ##.# #W##
##...# #.# # ..$.#
######)####.#...###
#.................
#
##.#####.###.##.[[#
##.. # ##
#........#
#.##...##..... ...#
#..##.##.#
#.....<...# ##.#
#........#
###....#####.!


You could see an ogre, x1a0's ghost and 8 goblins.

Vanquished Creatures
  2 adders (D:3)
  A worm (D:2)
  A leopard gecko (D:3)
  An orc (D:3)
  6 bats
  A giant cockroach (D:3)
  5 hobgoblins
  7 jackals
  3 kobolds
  2 quokkas
  4 frilled lizards
  6 rats
39 creatures vanquished.

Notes
Turn   | Place    | Note
-------+----------+-------------------------------------------
     0 | D:1      | Murumi the Vampire Enchanter began the quest for the Orb.
     0 | D:1      | Reached XP level 1. HP: 13/13 MP: 3/3
   128 | D:1      | Reached skill level 5 in Stealth
   277 | D:1      | Reached XP level 2. HP: 17/20 MP: 5/5
   281 | D:1      | Learned a level 2 spell: Ensorcelled Hibernation
   489 | D:1      | Reached skill level 1 in Fighting
   820 | D:2      | Found an iron altar of Okawaru.
   954 | D:2      | Reached skill level 5 in Hexes
   956 | D:2      | HP: 1/21 [hobgoblin (1)]
  1624 | D:2      | Reached XP level 3. HP: 23/26 MP: 6/6
  1629 | D:2      | Learned a level 3 spell: Confuse
  1933 | D:2      | Found a faded altar of an unknown god.
  2007 | D:3      | Reached skill level 6 in Stealth
  2009 | D:3      | Noticed x1a0's ghost (amateur DsGl)
  2154 | D:3      | Found a sparkling altar of Nemelex Xobeh.
  2198 | D:3      | HP: 1/26 [orc/whip (3)]
  2206 | D:3      | Noticed an ogre
  2206 | D:3      | Slain by x1a0's ghost

Vault maps used:
D:1:      dpeg_arrival_tiny_i
D:2:      chequers_ecumenical_altar_lobes, first_bread, okawaru_gym_becter
D:3:      nemelex_xobeh_ov_fountains_minmay, lemuel_crystal_altar,
          minmay_ogre_servants

Skill      XL: |  1  2  3 |
---------------+----------+-----
Stealth        | 5 6 |  6.6
Fighting       | 1 |  1.0
Hexes          | 5 |  5.0
Short Blades   | |  1.1
Dodging        | |  2.1
Spellcasting   | |  2.0

Action                   || total
-------------------------++-------
Melee: Dagger            ||   135
       Bite              ||     9
 Cast: Ensorcelled Hiber ||     8
  Use: Scroll            ||     6
       Potion            ||     7
 Stab: Sleeping          ||    17
Armor: Robe              ||    20
Dodge: Dodged            ||    90
